 Dungeon Crawl Stone Soup version 0.22-a0-185-ge330310d3a (webtiles) character file.

67 RedPan the Firebug (level 4, -1/30 HPs)
             Began as a Demonspawn Fire Elementalist on Feb 15, 2018.
             Slain by an ice beast (14 damage)
             ... on level 2 of the Dungeon.
             The game lasted 00:02:38 (1450 turns).

RedPan the Firebug (Demonspawn Fire Elementalist)   Turns: 1450, Time: 00:02:39

Health: -1/30      AC:  4    Str:  9    XL:     4   Next: 0%
Magic:  3/8        EV: 12    Int: 17    God:
Gold:   57         SH:  0    Dex: 13    Spells: 7/8 levels left

rFire    . . .     SeeInvis .   g - +1 dagger (venom)
rCold    . . .     Gourm    .   (no shield)
rNeg     . . .     Faith    .   a - +0 robe
rPois    .         Spirit   .   (no helmet)
rElec    .         Reflect  .   (no cloak)
rCorr    .         Harm     .   (no gloves)
MR       .....                  (no boots)
Stlth    ++........             (no amulet)
HPRegen  0.10/turn              (no ring)
MPRegen  0.11/turn              (no ring)

@: no status effects
A: molten scales 1
a: no special abilities


You were on level 2 of the Dungeon.
You were not hungry.

You visited 1 branch of the dungeon, and saw 2 of its levels.

You collected 57 gold pieces.

Inventory:

Hand Weapons
 g - a +1 dagger of venom (weapon)
Armour
 a - a +0 robe (worn)
Scrolls
 d - 2 scrolls of teleportation {unknown}
 l - a scroll of remove curse {unknown}
Potions
 e - a potion of might {unknown}
 f - a potion of heal wounds {unknown}
 h - a potion of curing {unknown}
 i - 2 potions of haste {unknown}
 j - a potion of brilliance {unknown}
Books
 b - a book of Flames

   Spells                             Type                      Level
   a - Flame Tongue                   Conjuration/Fire             1
   b - Throw Flame                    Conjuration/Fire             2
   c - Conjure Flame                  Conjuration/Fire             3
   d - Inner Flame                    Hexes/Fire                   3
   e - Sticky Flame                   Conjuration/Fire             4
   f - Fireball                       Conjuration/Fire             5
Comestibles
 c - 7 rations
 k - 2 chunks of flesh


   Skills:
 - Level 1.7 Dodging
 - Level 1.7 Stealth
 + Level 2.8 Spellcasting
 + Level 2.3 Conjurations
 + Level 3.3 Fire Magic


You had 7 spell levels left.
You knew the following spells:

 Your Spells              Type           Power        Failure   Level  Hunger
a - Flame Tongue          Conj/Fire      ##...        5%          1    #......


Dungeon Overview and Level Annotations

Branches:
Dungeon (2/15)

Altars:
Ashenzari


Innate Abilities, Weirdness & Mutations

You are partially covered in molten scales. (AC +2)


Message History

The flame tongue hits the ice beast.
The ice beast melts!
The ice beast is moderately wounded.
The ice beast barely misses you.
Casting: Flame Tongue (safe; 5% risk of failure)
Confirm with . or Enter, or press ? or * to list all spells.
Aiming: Flame Tongue (safe; 5% risk of failure)
Press: ? - help, Shift-Dir - straight line, f/p - ice beast
Aim: an ice beast (moderately wounded)
The flame tongue hits the ice beast.
The ice beast melts!
The ice beast is heavily wounded.
The ice beast hits you. The ice beast freezes you!
Casting: Flame Tongue (safe; 5% risk of failure)
Confirm with . or Enter, or press ? or * to list all spells.
Aiming: Flame Tongue (safe; 5% risk of failure)
Press: ? - help, Shift-Dir - straight line, f/p - ice beast
Aim: an ice beast (heavily wounded)
The flame tongue hits the ice beast.
The ice beast is heavily wounded.
The ice beast hits you. The ice beast freezes you!
You die...

..# #.....†. #.#
#.###.## #.# #.##...#
##.######.#....#
.#####......)........
............##.#.####
#####..##...........
#####..##..##.#.....
#.Y@...##..##.......
#.###.###..####.###.
... #.# #..# #.##..
#..#. #.# #..# #.##..
#.##..#..###..####....#
#.. $......
..........## ..#
##.#.## #..###..##.# ##
# #.#.## #.. #..###.
#.###.
#..>.###..###.(.#..


You could see an ice beast.

Vanquished Creatures
  An iguana (D:2)
  An ooze (D:1)
  A dart slug (D:1)
  4 giant cockroaches
  7 goblins
  3 hobgoblins (D:1)
  5 kobolds
  A quokka (D:2)
  2 bats (D:1)
  3 frilled lizards
  5 rats
33 creatures vanquished.

Notes
Turn   | Place    | Note
-------+----------+-------------------------------------------
     0 | D:1      | RedPan the Demonspawn Fire Elementalist began the quest for the Orb.
     0 | D:1      | Reached XP level 1. HP: 13/13 MP: 3/3
   134 | D:1      | Gained mutation: You are partially covered in molten scales. (AC +2) [demonic ancestry]
   134 | D:1      | Reached XP level 2. HP: 4/19 MP: 0/5
   564 | D:1      | Reached skill level 3 in Fire Magic
   650 | D:1      | Found a shattered altar of Ashenzari.
   849 | D:1      | Reached XP level 3. HP: 24/24 MP: 4/6
  1437 | D:2      | Noticed an ice beast
  1447 | D:2      | Reached XP level 4. HP: 29/30 MP: 6/8
  1450 | D:2      | Slain by an ice beast

Vault maps used:
D:1:      lemuel_arrival_funnel, st_stairs_9, evilmike_ruin_ashenzari
D:2:      gammafunk_temple_overflow_arena, minmay_heptomino_o4, uniq_sigmund

Skill      XL: |  1  2  3 |
---------------+----------+-----
Fire Magic     | 3 |  3.3
Conjurations   | 2 |  2.3
Dodging        | |  1.7
Stealth        | |  1.7
Spellcasting   | |  2.8

Action                   |  1- 3 |  4- 6 || total
-------------------------+-------+-------++-------
Melee: Unarmed           |    12 |       ||    12
       Dagger            |    39 |       ||    39
 Cast: Flame Tongue      |    45 |     3 ||    48
 Stab: Sleeping          |     1 |       ||     1
  Eat: Chunk             |     2 |       ||     2
Armor: Robe              |    14 |       ||    14
Dodge: Dodged            |    52 |     1 ||    53

Table legend:
 A = Spawn XP
 B = Non-spawn XP
 C = Spawn XP percentage of total XP
 D = Spawn monster count
 E = Non-spawn monster count
 F = Spawn count percentage of total count
 G = Total turns spent on level
                    A         B        C        D         E        F      G
               +---------+---------+-------+---------+---------+-------+---------
         Total |       0 |      97 |   0.0 |       0 |      33 |   0.0 |  1450
               +---------+---------+-------+---------+---------+-------+---------
           D:1 |       0 |      47 |   0.0 |       0 |      25 |   0.0 |  1233
           D:2 |       0 |      50 |   0.0 |       0 |       8 |   0.0 |   217
               +---------+---------+-------+---------+---------+-------+---------
